 Dungeon Crawl Stone Soup version 0.25.0-41-g26779e291d (console) character file.

Game seed: 14443593978802181001

80 Kagalorn the Insei (level 4, -7/30 HPs)
             Began as an Octopode Transmuter on July 10, 2020.
             Mangled by a hornet (8 damage)
             ... on level 3 of the Dungeon.
             The game lasted 00:03:52 (2416 turns).

Kagalorn the Insei (Octopode Transmuter)            Turns: 2416, Time: 00:03:54

Health: -7/30      AC:  1    Str:  9    XL:     4   Next: 39%
Magic:  7/7        EV: 17    Int: 16    God:
Gold:   132        SH:  0    Dex: 12    Spells: 6/7 levels left

rFire    . . .     SeeInvis .     - Unarmed
rCold    . . .     Gourm    .   (no shield)
rNeg     . . .     Faith    .   (helmet restricted)
rPois    .         Spirit   .   (no amulet)
rElec    .         Reflect  .   l - +4 ring of evasion
rCorr    +         Harm     .   p - ring of resist corrosion
MR       .....                  (no ring)
Stlth    ++........             (no ring)
HPRegen  0.10/turn              (no ring)
MPRegen  0.10/turn              (no ring)
                                (no ring)
                                (no ring)

@: lethally poisoned (-7 -> -13)
A: almost no armour, stealthy swim, amphibious, 8 rings, constrict 8, camouflage
1, gelatinous body 1
a: no special abilities


You were on level 3 of the Dungeon.
You were very hungry.

You visited 1 branch of the dungeon, and saw 3 of its levels.

You collected 132 gold pieces.

Inventory:

Missiles
 a - 27 arrows
 r - 30 stones (quivered)
 s - 10 bolts
Jewellery
 l - a +4 ring of evasion (left tentacle)
 p - a ring of resist corrosion (right tentacle)
Scrolls
 b - 5 scrolls of teleportation {unknown}
 e - a scroll of remove curse {unknown}
 f - a scroll of identify {unknown}
 g - 3 scrolls of enchant armour {unknown}
 h - a scroll of amnesia {unknown}
 i - 2 scrolls of magic mapping {unknown}
 j - a scroll of fog {unknown}
Potions
 k - a potion of heal wounds {unknown}
 m - a potion of magic {unknown}
 n - a potion of lignification {unknown}
 o - a potion of haste {unknown}
 q - a potion of resistance {unknown}
Comestibles
 c - 10 rations


   Skills:
 + Level 2.3 Fighting
 - Level 2.0 Dodging
 + Level 3.8 Unarmed Combat
 - Level 2.0 Spellcasting
 + Level 3.0 Transmutations


You had 6 spell levels left.
You knew the following spells:

 Your Spells              Type           Power        Failure   Level  Hunger
a - Beastly Appendage     Tmut           ##....       6%          1    #......

Your spell library contained the following spells:

 Spells                   Type           Power        Failure   Level  Hunger
 Sticks to Snakes         Tmut           ##......     9%          2    ###....
 Spider Form              Tmut/Pois      #.........   32%         3    ###....
 Ice Form                 Ice/Tmut       #.......     73%         4    #####..
 Blade Hands              Tmut           ##........   85%         5    ######.


Dungeon Overview and Level Annotations

Branches:
Dungeon (3/15)

Altars:
Trog

Annotations:
D:3 Sigmund


Innate Abilities, Weirdness & Mutations

You cannot wear most types of armour.
You are very stealthy in the water. (Stealth+)
You are amphibious.
You can wear up to eight rings at the same time.
You can use your tentacles to constrict eight enemies at once.
Your skin changes colour to match your surroundings (Stealth+).
Your rubbery body absorbs attacks. (AC +1, EV +1)


Message History

* * * LOW HITPOINT WARNING * * *
You can move again.
You barely miss the hornet. You grab the hornet.
Your tentacle spike misses the hornet.
The hornet is lightly wounded.
Your transformation is almost over.
You constrict the hornet, but do no damage.
* * * LOW HITPOINT WARNING * * *
You feel sick. The bat completely misses you. The hornet closely misses you.
The hornet stings you.
* * * LOW HITPOINT WARNING * * *
You feel yourself slow down.
It was a potion of cancellation.
Your magical effects are unravelling.
You feel magically purged.
Your tentacle spike disappears.
You feel yourself speed up.
You constrict the hornet, but do no damage.
* * * LOW HITPOINT WARNING * * *
You feel sick. The bat misses you. The hornet stings you!
You die...

#################.#
#.# ... #### .. ..#
#########
...##########<.......
.....................
.....##oy@.b########
#.##...o#####
#.....s## #.####.#
#)#


#oo .o.. #.... ...... You could see a hornet, 2 orcs, a giant cockroach and a
bat.

Vanquished Creatures
  2 adders (D:2)
  2 worms (D:2)
  A dart slug (D:1)
  An orc (D:3)
  A ball python (D:2)
  5 bats (D:1)
  13 giant cockroaches
  4 goblins (D:1)
  3 hobgoblins
  3 jackals (D:1)
  3 frilled lizards
  5 kobolds
  6 rats
49 creatures vanquished.

Notes
Turn   | Place    | Note
-------+----------+-------------------------------------------
     0 | D:1      | Kagalorn the Octopode Transmuter began the quest for the
                  | Orb.
     0 | D:1      | Reached XP level 1. HP: 13/13 MP: 3/3
   536 | D:1      | Reached XP level 2. HP: 15/18 MP: 3/5
   767 | D:1      | Reached XP level 3. HP: 18/24 MP: 4/6
  1525 | D:2      | Found a bloodstained altar of Trog.
  1655 | D:2      | Reached XP level 4. HP: 25/29 MP: 5/7
  2338 | D:3      | Noticed Sigmund
  2403 | D:3      | Noticed a hornet
  2413 | D:3      | Paralysed by a hornet for 1 turns
  2416 | D:3      | HP: 1/30 [poisoned by a hornet]
  2416 | D:3      | Mangled by a hornet

Illustrated notes

Levels and vault maps discovered:
D:1:      eino_arrival_cavern_a, layout_basic
D:2:      minmay_roachtagon, layout_basic, bloody_trog, first_ration
D:3:      layout_rooms, overflow_temple_1_default, lemuel_doored_altar,
          grunt_decor_resistance, minmay_box_of_dots, uniq_grinder, uniq_sigmund

Skill      XL: |  1  2  3  4 |
---------------+-------------+-----
Fighting       | 2 |  2.3
Transmutations | 3 |  3.0
Dodging        | |  2.0
Unarmed Combat | |  3.8
Spellcasting   | |  2.0

Action                   |  1- 3 |  4- 6 || total
-------------------------+-------+-------++-------
Melee: Unarmed           |    82 |    47 ||   129
       Constrict         |    23 |    17 ||    40
       Tentacles         |    13 |     5 ||    18
       Kick              |    17 |    16 ||    33
       Punch             |     2 |     1 ||     3
 Cast: Beastly Appendage |    22 |     6 ||    28
  Use: Potion            |       |     1 ||     1
 Stab: Sleeping          |     5 |       ||     5
  Eat: Chunk             |     3 |     1 ||     4
Armor: Skin              |     9 |     5 ||    14
Dodge: Dodged            |    71 |    52 ||   123
